 Dungeon Crawl Stone Soup version 0.30-a0-1160-g6e42c06551 (webtiles) character file.

Game seed: 9953327090376194785

89 HoaS the Shooter (level 4, -2/33 HPs)
             Began as a Formicid Hunter on Apr 25, 2023.
             Killed from afar by Ijyb (10 damage)
             ... with an iceblast
             ... on level 3 of the Dungeon.
             The game lasted 00:04:16 (1530 turns).

HoaS the Shooter (Formicid Hunter)                  Turns: 1530, Time: 00:04:16

Health: -2/33      AC:  6    Str: 15    XL:     4   Next: 84%
Magic:  4/4        EV: 11    Int:  9    God:
Gold:   844        SH:  0    Dex: 19    Spells: 3/3 levels left

rFire   + . .        a - +1 shortbow (chaos)
rCold   . . .        (no shield)
rNeg    . . .        e - +0 ring mail
rPois   .            (helmet unavailable)
rElec   .            (no cloak)
rCorr   .            (no gloves)
SInv    +            l - +0 pair of boots
Will    .....        (no amulet)
Stlth   +            k - ring of protection from fire
HPRegen 0.25/turn    (no ring)
MPRegen 0.09/turn

%: no passive effects
@: no status effects
A: permanent stasis, dig shafts and tunnels, antennae 3, four strong arms
a: Dig, Shaft Self


You were on level 3 of the Dungeon.
You visited 1 branch of the dungeon, and saw 3 of its levels.

You collected 844 gold pieces.

Inventory:

Hand Weapons
 a - a +1 shortbow of chaos (weapon)
Armour
 e - a +0 ring mail (worn)
 l - a +0 pair of boots (worn)
Jewellery
 k - a ring of protection from fire (left hand)
Wands
 g - a wand of iceblast (10)
Scrolls
 b - 3 scrolls of immolation
 f - a scroll of poison
 i - a scroll of fog
Potions
 c - a potion of haste {unknown}
 d - a potion of flight {unknown}
 h - a potion of brilliance {unknown}
 j - a potion of cancellation {unknown}
 m - a potion of curing {unknown}


   Skills:
 - Level 2.1 Fighting
 * Level 5.4 Ranged Weapons
 + Level 1.9 Armour
 - Level 1.7 Dodging
 - Level 1.2 Stealth


You had 3 spell levels left.
You didn't know any spells.
Your spell library contained the following spells:

 Spells                   Type           Power      Damage    Failure   Level
 Arcjolt                  Conj/Air       0%         1d10      100%        5
 Plasma Beam              Fire/Air       0%         2x1d11    100%        6
 Vhi's Electric Charge    Tloc/Air       Unusable   N/A       N/A         3

Dungeon Overview and Level Annotations

Branches:
Dungeon (3/15)

Altars:

Annotations:
D:3 Ijyb


Innate Abilities, Weirdness & Mutations

You cannot be hasted, slowed, berserked, paralysed or teleported.
You can dig through walls and to a lower floor.
You have a pair of large antennae on your head. (SInv)
Your four strong arms can wield two-handed weapons with a shield.


Message History

You shoot an arrow. The arrow misses the bat.
The bat barely misses you.
You shoot an arrow. The arrow hits the bat!
You kill the bat!
No target in view!
A ball python comes into view.
The ball python moves out of view.
You shoot an arrow.
The arrow closely misses the ball python.
You shoot an arrow.
The arrow barely misses the ball python.
The ball python barely misses you. The ball python grabs you.
The ball python constricts you.
You shoot an arrow. The arrow hits the ball python!
You kill the ball python!
No target in view!
No target in view!
k - a ring of protection from fire
k - a ring of protection from fire (left hand)
You now have 844 gold pieces (gained 5).
An adder comes into view.
The adder hisses angrily.
You shoot an arrow. The arrow hits the adder.
The adder resists with some effort.
The adder is heavily wounded.
You shoot an arrow. The arrow closely misses the adder.
Ijyb the Twisted Goblin comes into view.
She is wielding a +2 spectral club, wearing a +2 leather armour of cold resistance and carrying a wand of iceblast (4).
You shoot an arrow. The arrow hits the adder!
You kill the adder!
Ijyb zaps a wand.
The mass of ice explodes!
The iceblast engulfs you!
You hear a shout!
You shoot an arrow. The arrow hits Ijyb.
Ijyb suddenly seems more resistant.
Ijyb is lightly wounded.
You shoot an arrow. The arrow hits Ijyb but does no damage.
Ijyb is lightly wounded.
Ijyb zaps a wand.
The mass of ice explodes!
The iceblast engulfs you!
* * * LOW HITPOINT WARNING * * *
You are too injured to fight recklessly!
Are you sure you want to shaft yourself?
Ijyb zaps a wand.
The mass of ice explodes!
The iceblast engulfs you!
You die...

####### #. #.....### #.
#....g... #.##.....#
####........# #......@#
.. .# #.......# #. .#
#.......# #.## .#
#.......# #..# .# ##
#.......# #.###.## ...
#.......#####......#..#.
#####.....##............
#.....#...........#
#.......#...........


You could see Ijyb (resistant).

Vanquished Creatures
  3 adders
  A worm (D:2)
  2 dart slugs (D:2)
  6 endoplasms
  2 giant cockroaches (D:1)
  8 goblins
  3 hobgoblins
  3 jackals (D:3)
  2 quokkas
  6 ball pythons
  7 bats
  2 frilled lizards (D:1)
  4 kobolds
  5 rats
54 creatures vanquished.

Vanquished Creatures (others)
  A rat zombie (D:2)
1 creature vanquished.

Grand Total: 55 creatures vanquished

Notes
Turn   | Place    | Note
-------+----------+-------------------------------------------
     0 | D:1      | HoaS the Formicid Hunter began the quest for the Orb.
     0 | D:1      | Reached XP level 1. HP: 16/16 MP: 1/1
   104 | D:1      | Reached XP level 2. HP: 22/22 MP: 2/2
   616 | D:1      | Reached XP level 3. HP: 27/27 MP: 3/3
   923 | D:2      | Reached skill level 1 in Armour
   957 | D:2      | Reached skill level 5 in Ranged Weapons
  1057 | D:2      | Reached XP level 4. HP: 33/33 MP: 4/4
  1356 | D:2      | Identified a scroll of acquirement
  1356 | D:2      | Acquired 724 gold pieces
  1526 | D:3      | Noticed Ijyb
  1530 | D:3      | Killed from afar by Ijyb

Illustrated notes

Levels and vault maps discovered:
D:1:      dpeg_arrival_castle, layout_basic
D:2:      layout_rooms, minmay_quantized
D:3:      layout_rooms, old_standard_altar, basic_ecumenical_altar,
          uniq_jessica, uniq_ijyb

Skill      XL: |  1  2  3 |
---------------+----------+-----
Armour         | 1 |  1.9
Ranged Weapons | 5 |  5.4
Fighting       | |  2.1
Dodging        | |  1.7
Stealth        | |  1.2

Action                     |  1- 3 |  4- 6 || total
---------------------------+-------+-------++-------
   Fire: Shortbow          |    70 |    62 ||   132
Ability: Shaft Self        |       |     1 ||     1
    Use: Scroll            |     6 |     3 ||     9
 Armour: Leather armour    |     3 |       ||     3
         Ring mail         |     7 |    17 ||    24
  Dodge: Dodged            |    14 |    34 ||    48

Table legend: (Time is in decaauts)
 A = Elapsed time spent in this place.
 B = Non-inter-level travel time spent in this place.
 C = Inter-level travel time spent in this place.
 D = Time resting spent in this place.
 E = Time spent auto-exploring this place.
 F = Levels seen in this place.
 G = Mean time per level.
                   A        B        C        D        E       F      G
               +--------+--------+--------+--------+--------+-----+--------+
         Total |   1576 |   1519 |     57 |     16 |   1169 |   3 |  525.3 |
       Dungeon |   1576 |   1519 |     57 |     16 |   1169 |   3 |  525.3 |
               +--------+--------+--------+--------+--------+-----+--------+

Top non-repeatable levels by time:
     D:1: 902 daAuts
     D:2: 517 daAuts
     D:3: 156 daAuts
